 Dungeon Crawl Stone Soup version 0.32-a0-900-g30fb1b0edc (webtiles) character file.

Game seed: 3581035273273200935

84 HilariousDeathArtist the Conjurer (level 4, -2/37 HPs)
             Began as a Mountain Dwarf Conjurer on Apr 5, 2024.
             Killed from afar by Sigmund (5 damage)
             ... with a magic dart
             ... on level 2 of the Dungeon.
             The game lasted 00:03:02 (2975 turns).

HilariousDeathArtist the Conjurer (MDCj)            Turns: 2975, Time: 00:03:03

Health: -2/37      AC:  6    Str:  9    XL:     4   Next: 23%
Magic:  1/7        EV: 10    Int: 21    God:
Gold:   49         SH:  0    Dex:  8    Spells: 3/8 levels left

rFire   . . .        a - +2 rapier (elec)
rCold   . . .        (no shield)
rNeg    . . .        o - +0 robe
rPois   .            (no helmet)
rElec   .            (no cloak)
rCorr   .            (no gloves)
SInv    .            (no boots)
Will    .....        (no amulet)
Stlth   +            A - +4 ring of protection
HPRegen 0.26/turn    (no ring)
MPRegen 0.10/turn

%: no passive effects
@: hasted and slowed
A: runic magic, artefact enchanting
a: no special abilities


You were on level 2 of the Dungeon.
You visited 1 branch of the dungeon, and saw 4 of its levels.

You collected 49 gold pieces.

Inventory:

Hand Weapons
 a - a +2 rapier of electrocution (weapon)
   (You found it on level 3 of the Dungeon)
 c - a +0 whip
   (You took it off a kobold on level 1 of the Dungeon)
 m - a +0 rapier
   (You found it on level 3 of the Dungeon)
 n - a +1 dagger of draining
   (You found it on level 3 of the Dungeon)
Missiles
 i - 9 boomerangs
 p - 4 poisoned darts
 s - 15 stones
Armour
 o - a +0 robe (worn)
Jewellery
 A - a +4 ring of protection (left hand)
   (You found it on level 1 of the Dungeon)
Scrolls
 b - a scroll of noise {!r}
 k - a scroll of brand weapon
Potions
 h - a potion of degeneration {unknown}
 q - a potion of berserk rage {unknown}
 M - a potion of magic


   Skills:
 + Level 2.4 Fighting
 - Level 1.3 Dodging
 - Level 1.4 Stealth
 + Level 2.5 Spellcasting
 + Level 4.2 Conjurations


You had 3 spell levels left.
You knew the following spells:

 Your Spells              Type           Power      Damage    Failure   Level
a - Magic Dart            Conj           80%        1d7       2%          1
b - Blink                 Tloc           4%         N/A       22%         2
z - Searing Ray           Conj           40%        2d5       3%          2

Your spell library contained the following spells:

 Spells                   Type           Power      Damage    Failure   Level
 Call Imp                 Summ           4%         N/A       22%         2
 Fulminant Prism          Conj/Alch      5%         3d6       50%         4
 Iskenderun's Mystic Bla Conj/Tloc 11%            2d4        (+2d2     50%         4


Dungeon Overview and Level Annotations

Branches:
Dungeon (4/15)
 Temple: D:4-7

Altars:

Annotations:
D:2 Crazy Yiuf, Sigmund


Innate Abilities, Weirdness & Mutations

Your spellcasting is much less encumbered by armour.
You can use scrolls of enchantment on lesser artefacts.


Message History

There is a stone staircase leading down here.
There is a stone staircase leading up here.
You climb upwards.
Level annotation: 1 runed translucent door, Crazy Yiuf, Natasha, Sigmund
There is a stone staircase leading down here.
Could not explore, unopened runed door.
Could not explore, unopened runed door.
Okay, then.
As you read the scroll labelled ECSUIPSI SIAC, it crumbles to dust.
A wave of despondency washes over your surroundings.
It was a scroll of vulnerability.
As you read the scroll labelled MODDOL IHOCVIWN, it crumbles to dust.
It is a scroll of identify.
k - a scroll of brand weapon
As you read the scroll of identify {@r1}, it crumbles to dust.
l - a scroll of blinking;
D - a scroll of blinking Crazy Yiuf shouts!
As you read the scroll labelled GELIUHOGITS, it crumbles to dust.
You hear a loud clanging noise!
It was a scroll of noise.
You hear a shout!
You hear an angry hiss.
As you read the scroll labelled USOECOKINA, it dissolves into smoke.
It was a scroll of fog.
As you read the scroll labelled WEETEM JEB, it crumbles to dust.
It is a scroll of enchant weapon.
Your +1 rapier of electrocution glows red for a moment.
Okay, then.
You open the door.
Okay, then.
Crazy Yiuf attacks as he pursues you!
Crazy Yiuf hits you with a +4 quarterstaff of chaos!
Crazy Yiuf freezes you.
You take 10 damage, and have 19/29 hp.
MASSIVE DAMAGE!!
Crazy Yiuf sings, "Trees, trees, trees, circus!"
Unknown command.
You blink.
You now have 4/6 mp.
Natasha attacks as she pursues you! Natasha barely misses you.
Natasha casts a spell at you.
You feel yourself slow down.
It was a potion of ambrosia.
You are confused.
You feel invigorated.
You feel ready to blink again. Natasha casts a spell at you.
The magic dart hits you.
MP restored: 6 Unknown command.
Okay, then.
You are too confused!
Crazy Yiuf cries, "Mama snockshim seventy!"
You regained 4 hp, and now have 27/29 hp.
You bump into the rock wall.
Natasha misses you. Natasha closely misses you.
Health restored: 29 You puncture Natasha!
Lightning courses through Natasha!
You kill Natasha!
Natasha yowls pathetically as she dies!
Crazy Yiuf hits you with a +4 quarterstaff of chaos!
You have reached level 4!
You feel clever.
You take 3 damage, and have 26/37 hp.
MP restored: 7 You bump into the rock wall.
Crazy Yiuf yells, "Buddy illywillydillykilly canine!"
Crazy Yiuf barely misses you. Crazy Yiuf closely misses you.
You regained 5 hp, and now have 31/37 hp.
You barely miss Crazy Yiuf.
You feel less invigorated.
You feel less confused. Crazy Yiuf barely misses you.
Health restored: 37 You hit Crazy Yiuf.
Crazy Yiuf hits you with a +4 quarterstaff of chaos!
Crazy Yiuf freezes you. Crazy Yiuf closely misses you.
You take 15 damage, and have 22/37 hp.
MASSIVE DAMAGE!!
You hit Crazy Yiuf.
Crazy Yiuf hits you with a +4 quarterstaff of chaos!
* * * LOW HITPOINT WARNING * * *
You feel your power leaking away.
Crazy Yiuf hits you with a +4 quarterstaff of chaos.
* * * LOW HITPOINT WARNING * * *
You take 21 damage, and have 1/37 hp.
MASSIVE DAMAGE!!
You now have 0/7 mp.
Blink to where?
Press: ? - help, Dir - move target
As you read the scroll of blinking {!r}, it crumbles to dust.
You aren't carrying any items that you can evoke.
Unknown command.
Okay, then.
It was a potion of haste.
You feel yourself speed up.
Crazy Yiuf whimpers, "Proton!
Seed turtle pontify."
You feel your willpower return.
Sigmund shouts!
Crazy Yiuf waves his quarterstaff at you.
Sigmund casts a spell at you. The magic dart hits you.
You die...
Sigmund begins carving another notch in his scythe.

#...........#.#
#.#...........# ##
######.#.#..####.#.# ..
#......#.#.÷####.#.# #.
#.####.#.#.......#.####.
#.##>................##.
#.##.............#.#.##.
#.##..#.#...####.#.#.##.
#.##...@#...####.#.#....
#.##..#.....g....#.###..
#.##....#.#.##.#.#.###..
#.##......@.........†...
#.##.###.......#######..
#.##.............# #..
#.##.......##..#.# #.#
#.##.##..####..#.## ###
#.##........#.....@..#


You could see Sigmund and Crazy Yiuf.

Vanquished Creatures
  Natasha (D:2)
  An adder (D:3)
  A dart slug (D:3)
  5 orcs (D:3)
  A ball python (D:1)
  4 endoplasms
  4 giant cockroaches
  6 goblins
  4 hobgoblins
  3 jackals (D:2)
  A quokka (D:3)
  A bat (D:1)
  2 frilled lizards (D:1)
  2 kobolds
  2 rats (D:2)
38 creatures vanquished.

Notes
Turn   | Place    | Note
-------+----------+-------------------------------------------
     0 | D:1      | HilariousDeathArtist the Mountain Dwarf Conjurer began the
                  | quest for the Orb.
     0 | D:1      | Reached XP level 1. HP: 14/14 MP: 3/3
   278 | D:1      | Reached skill level 2 in Spellcasting
   347 | D:1      | Reached skill level 1 in Fighting
   347 | D:1      | Reached XP level 2. HP: 23/23 MP: 3/5
   382 | D:1      | Learned a level 2 spell: Searing Ray
   750 | D:2      | Noticed Natasha
   877 | D:2      | Noticed Sigmund
  1236 | D:3      | Reached XP level 3. HP: 29/29 MP: 1/6
  1373 | D:2      | Reached skill level 4 in Conjurations
  1762 | D:2      | Found a runed translucent door.
  1763 | D:2      | Noticed Crazy Yiuf
  2266 | D:3      | Reached skill level 2 in Fighting
  2798 | D:3      | Learned a level 2 spell: Blink
  2877 | D:4      | Noticed an orc warrior
  2964 | D:2      | Killed Natasha
  2965 | D:2      | Reached XP level 4. HP: 26/37 MP: 7/7
  2968 | D:2      | HP: 7/37 [Crazy Yiuf/+4 quarterstaff of chaos (16)]
  2968 | D:2      | HP: 1/37 [Crazy Yiuf/+4 quarterstaff of chaos (6)]
  2975 | D:2      | Killed from afar by Sigmund

Illustrated notes

Levels and vault maps discovered:
D:1:      lemuel_arrival_behind_the_door_large, layout_rooms,
          nicolae_houndstooth_variations
D:2:      layout_basic, uniq_sigmund, uniq_natasha, uniq_crazy_yiuf_cottage
D:3:      layout_basic
D:4:      layout_layer_cave, mainiacjoe_overflow_24_doors,
          minmay_temple_entry_drinking_statues, guppyfry_early_orc_mine

Skill      XL: |  1  2  3 |
---------------+----------+-----
Spellcasting   | 2 |  2.5
Fighting       | 1 2 |  2.4
Conjurations   | 4 |  4.2
Dodging        | |  1.3
Stealth        | |  1.4

Action                     |  1- 3 |  4- 6 || total
---------------------------+-------+-------++-------
  Melee: Whip              |    27 |       ||    27
         Rapier            |    21 |     3 ||    24
   Cast: Magic Dart        |    64 |       ||    64
         Blink             |     1 |       ||     1
    Use: Scroll            |     6 |     1 ||     7
         Potion            |     1 |     1 ||     2
 Armour: Robe              |    21 |     4 ||    25
  Dodge: Dodged            |    24 |     4 ||    28

Table legend: (Time is in decaauts)
 A = Elapsed time spent in this place.
 B = Non-inter-level travel time spent in this place.
 C = Inter-level travel time spent in this place.
 D = Time resting spent in this place.
 E = Time spent auto-exploring this place.
 F = Levels seen in this place.
 G = Mean time per level.
                   A        B        C        D        E       F      G
               +--------+--------+--------+--------+--------+-----+--------+
         Total |   2985 |   2907 |     78 |     23 |   2590 |   4 |  746.2 |
       Dungeon |   2985 |   2907 |     78 |     23 |   2590 |   4 |  746.2 |
               +--------+--------+--------+--------+--------+-----+--------+

Top non-repeatable levels by time:
     D:2: 1144 daAuts
     D:3: 1040 daAuts
     D:1: 723 daAuts
     D:4: 76 daAuts

Levels and vault maps discovered:
D:1:      lemuel_arrival_behind_the_door_large, layout_rooms,
          nicolae_houndstooth_variations
D:2:      layout_basic, uniq_sigmund, uniq_natasha, uniq_crazy_yiuf_cottage
D:3:      layout_basic
D:4:      layout_layer_cave, mainiacjoe_overflow_24_doors,
          minmay_temple_entry_drinking_statues, guppyfry_early_orc_mine

Table legend: (Time is in decaauts)
 A = Elapsed time spent in this place.
 B = Non-inter-level travel time spent in this place.
 C = Inter-level travel time spent in this place.
 D = Time resting spent in this place.
 E = Time spent auto-exploring this place.
 F = Levels seen in this place.
 G = Mean time per level.
                   A        B        C        D        E       F      G
               +--------+--------+--------+--------+--------+-----+--------+
         Total |   2985 |   2907 |     78 |     23 |   2590 |   4 |  746.2 |
       Dungeon |   2985 |   2907 |     78 |     23 |   2590 |   4 |  746.2 |
               +--------+--------+--------+--------+--------+-----+--------+

Top non-repeatable levels by time:
     D:2: 1144 daAuts
     D:3: 1040 daAuts
     D:1: 723 daAuts
     D:4: 76 daAuts

Table legend:
 A = Kills in this place as a percentage of kills in the entire game.
 B = Kills by you in this place as a percentage of kills by you in the entire game.
 C = Kills by friends in this place as a percentage of kills by friends in the entire game.
 D = Other kills in this place as a percentage of other kills in the entire game.
 E = Experience gained in this place as a percentage of experience gained in the entire game.
 F = Experience gained in this place divided by the number of levels of this place that you have seen.
                   A       B       C       D       E      F
               +-------+-------+-------+-------+-------+----------------------
         Total | 100.0 | 100.0 |   N/A |   N/A | 100.0 |  30.0
       Dungeon | 100.0 | 100.0 |   N/A |   N/A | 100.0 |  30.0
               +-------+-------+-------+-------+-------+----------------------
